 Dungeon Crawl Stone Soup version 0.32-a0-643-ga006e7742e (webtiles) character file.

Game seed: 14437949691018331086

7385 Strat the Thaumaturge (level 11, 0/100 (109) HPs)
             Began as an Oni Hedge Wizard on Mar 7, 2024.
             Was a Priest of Beogh.
             Killed by divine providence
             ... invoked by Orik the orc apostle
              (14 damage)
             ... on level 9 of the Dungeon.
             The game lasted 00:34:46 (12534 turns).

Strat the Thaumaturge (Oni Hedge Wizard)           Turns: 12534, Time: 00:34:47

HP:   0/100 (109)   AC: 13    Str: 20    XL:     11   Next: 14%
MP:   33/36         EV:  9    Int: 15    God:    Beogh [***...]
Gold: 418           SH:  0    Dex:  8    Spells: 16/35 levels left

rFire   . . .        b - +2 flail (protect)
rCold   . . .        (no shield)
rNeg    . . .        y - +0 acid dragon scales
rPois   .            c - +1 hat
rElec   .            g - +0 cloak
rCorr   +            (gloves unavailable)
SInv    .            (boots unavailable)
Will    +....        v - amulet of magic regeneration
Stlth   +            j - ring of magical power
HPRegen 0.36/turn    k - +4 ring of protection
MPRegen 0.65/turn

%: no passive effects
@: unable to call your familiar, studying Staves, drained
A: large, unfitting armour, horns 1, tough skin 1, double potion healing,
drunken brawling
a: Renounce Religion, Smiting, Recall Apostles, Dismiss Orkrul, wizard


You were on level 9 of the Dungeon.
You worshipped Beogh.
Beogh was most pleased with you.
You visited 1 branch of the dungeon, and saw 9 of its levels.

You collected 523 gold pieces.
You spent 105 gold pieces at shops.

Inventory:

Hand Weapons
 a - a +0 mace of flaming
 b - a +2 flail of protection (weapon)
Missiles
 m - a curare-tipped dart
 n - 13 poisoned darts
 q - 6 boomerangs
Armour
 c - a +1 hat (worn)
 g - a +0 cloak (worn)
 y - +0 acid dragon scales (worn)
Jewellery
 j - a ring of magical power (left hand)
 k - a +4 ring of protection (right hand)
 v - an amulet of magic regeneration (around neck)
Wands
 e - a wand of warping (11)
 r - a wand of flame (33)
Scrolls
 f - 3 scrolls of teleportation
 p - a scroll of vulnerability
 t - a scroll of amnesia
 u - a scroll of brand weapon
Potions
 d - 2 potions of magic
 h - 2 potions of haste
 i - a potion of enlightenment
 l - 2 potions of resistance
 o - a potion of attraction {unknown}
 w - a potion of lignification
 x - a potion of curing {unknown}
 z - a potion of berserk rage {unknown}


   Skills:
 - Level 7.0 Fighting
 + Level 11.4 Maces & Flails
 - Level 1.7 Dodging
 - Level 1.4 Stealth
 + Level 12.5 Spellcasting
 - Level 0.8 Conjurations
 - Level 2.0 Summonings
 - Level 0.8 Translocations


You had 16 spell levels left.
You knew the following spells:

 Your Spells              Type           Power      Damage    Failure   Level
a - Magic Dart            Conj           44%        1d5       7%          1
b - Blink                 Tloc           22%        N/A       11%         2
c - Call Imp              Summ           30%        N/A       7%          2
d - Mephitic Cloud        Conj/Alch/Air  10%        N/A       26%         3
e - Call Canine Familiar  Summ           15%        N/A       13%         3
f - Passage of Golubria   Tloc           11%        N/A       56%         4
g - Summon Lightning Spi  Summ/Air       12%        N/A       54%         4

Your spell library contained the following spells:

 Spells                   Type           Power      Damage    Failure   Level
 Summon Small Mammal      Summ           60%        N/A       4%          1
 Slow                     Hex            36%        N/A       10%         1
 Static Discharge         Conj/Air       20%        3-4/arc   13%         2
 Cigotuvi's Dreadful Rot  Necr/Alch/Air  18%        N/A       16%         2
 Dazzling Flash           Conj/Hex       20%        N/A       26%         3
 Volatile Blastmotes      Fire/Tloc      20%        2d11      26%         3
 Frozen Ramparts          Ice            18%        1d3       30%         3
 Inner Flame              Hex/Fire       9%         N/A       30%         3
 Tukima's Dance           Hex            9%         N/A       30%         3
 Summon Blazeheart Golem  Fire/Summ      12%        N/A       54%         4
 Iskenderun's Mystic Bla  Conj/Tloc      11%        2d4       56%         4
 Fulminant Prism          Conj/Alch      5%         3d7       63%         4
 Airstrike                Air            4%         2d(1-17)  69%         4
 Leda's Liquefaction      Alch/Erth      4%         N/A       69%         4
 Petrify                  Alch/Erth      9%         N/A       69%         4
 Irradiate                Conj/Alch      5%         3d13      93%         5
 Metabolic Englaciation   Hex/Ice        4%         N/A       95%         5
 Yara's Violent Unravell  Hex/Alch       4%         3d4       95%         5
 Starburst                Conj/Fire      5%         6d4       100%        6
 Ignition                 Fire           4%         3d4       100%        8
 Maxwell's Capacitive Co  Air            4%         ∞         100%        8


Dungeon Overview and Level Annotations

Branches:
Dungeon (9/15)             Temple (0/1) D:7
   Lair: D:8-11         Orc: D:9-12

Altars:
Nemelex Xobeh
Okawaru
Qazlal
Xom
Zin
The Shining One

Shops:
D:3 ?

Annotations:
D:4 Pikel


Innate Abilities, Weirdness & Mutations

Your facial features look somewhat orcish.
You are too large for most types of armour.
You have a pair of small horns on your head.
You have tough skin. (AC +1)
You gain doubled healing and magic from potions.
Whenever you drink a healing potion, you attack all around you.


Message History

The cerulean imp completely misses you.
Orik prays to Beogh.
The cerulean imp hits you but does no damage.
Orik mumbles some strange prayers to Beogh against you.
Beogh smites you!
* * * LOW HITPOINT WARNING * * *
Your cerulean imp misses the cerulean imp.
Your inugami barely misses the cerulean imp.
As you read the scroll of teleportation, it crumbles to dust.
You feel strangely unstable.
Orik invokes the aid of Beogh against you.
Beogh smites you!
* * * LOW HITPOINT WARNING * * *
The cerulean imp hits you but does no damage.
Your cerulean imp barely misses the cerulean imp.
Your inugami hits the cerulean imp but does no damage.
The water moccasin bites you but does no damage.
Your cerulean imp barely misses the cerulean imp.
The water moccasin attacks as it pursues you!
The water moccasin bites you.
* * * LOW HITPOINT WARNING * * *
The water moccasin bites you but does no damage.
The cerulean imp hits you but does no damage.
Your surroundings suddenly seem different.
Your cerulean imp disappears in a puff of smoke!
You start resting.
Orik is nearby!
Orik calls down the wrath of Beogh upon you.
Beogh smites you!
* * * LOW HITPOINT WARNING * * *
Orik prays to Beogh.
Casting: Call Imp (safe; 7% risk of failure)
Confirm with . or Enter, or press ? or * to list all spells.
Aiming: Mephitic Cloud (dangerous; 26% risk of failure)
Press: ? - help, Shift-Dir - straight line The ball explodes into a vile cloud!
The stinking cloud engulfs Orik.
Orik calls down the wrath of Beogh upon you.
Beogh smites you!
You die...
Beogh appreciates Orik's killing of a heretic priest.

....... ##.#...)..
........# #.#......
........# +.#......
.......########.#......
#..............#......
#..............#......
#.......§§§.5..'....##
#.......§☼§.z..#'####.
#....@..§§o...........
######################
# # # #


You could see Orik the orc apostle (divinely empowered), a wight (wandering) and
a cerulean imp (summoned).

Vanquished Creatures
  Maggie (D:6)
  A troll (D:8)
  A hornet (D:8)
  Grinder (D:4)
  2 wyverns (D:8)
  4 yaks
  2 steam dragons
  Edmund (D:4)
  2 acid dragons (D:8)
  Duvessa (D:7)
  2 water moccasins (D:7)
  An ice beast (D:5)
  5 orc warriors
  A sky beast (D:6)
  A hornet zombie (D:6)
  3 centaurs
  A phantom (D:6)
  2 kobold brigands
  4 bullfrogs
  A wyvern zombie (D:6)
  3 gnoll sergeants
  4 scorpions
  7 wights
  A wyvern skeleton (D:6)
  Dowan (D:7)
  10 killer bees (D:8)
  5 howler monkeys
  2 bullfrog zombies (D:6)
  5 hounds
  2 orc priests
  A jelly (D:7)
  A bullfrog skeleton (D:6)
  A gnoll bouda (D:8)
  3 iguanas
  6 orc wizards
  A howler monkey zombie (D:6)
  13 gnolls
  A howler monkey skeleton (D:6)
  7 adders
  4 dart slugs
  2 ribbon worms (D:3)
  13 orcs
  4 ball pythons (D:1)
  An endoplasm (D:1)
  3 giant cockroaches
  8 goblins
  4 hobgoblins
  A jackal (D:1)
  16 kobolds
  3 quokkas
  4 bats
  7 frilled lizards
  4 rats
185 creatures vanquished.

Vanquished Creatures (collateral kills)
  A tengu conjurer (D:8)
  A wyvern (D:8)
  A water moccasin (D:5)
  An ogre (D:5)
  2 lemures
  A wight (D:8)
  A nameless horror (D:6)
  A howler monkey (D:7)
  3 bombardier beetles
  Ijyb (D:5)
  An orc wizard (D:7)
  5 adders
  2 white imps
  2 orcs (D:3)
  2 bats
  An endoplasm (D:3)
  2 jackals (D:1)
  A frilled lizard (D:2)
  A rat (D:2)
30 creatures vanquished.

Vanquished Creatures (others)
  An orc apostle (D:9)
  2 orcs
3 creatures vanquished.

Grand Total: 218 creatures vanquished

Notes
Turn   | Place    | Note
-------+----------+-------------------------------------------
     0 | D:1      | Strat the Oni Hedge Wizard began the quest for the Orb.
     0 | D:1      | Reached XP level 1. HP: 16/16 MP: 5/5
    60 | D:1      | Reached skill level 1 in Fighting
   330 | D:1      | Reached XP level 2. HP: 28/28 MP: 6/6
   335 | D:1      | Learned a level 2 spell: Blink
   338 | D:1      | Learned a level 2 spell: Call Imp
   646 | D:1      | Reached XP level 3. HP: 37/37 MP: 8/8
   851 | D:1      | Found a faded altar of an unknown god.
   925 | D:1      | Reached skill level 1 in Maces & Flails
  1040 | D:2      | Found a shimmering altar of Xom.
  1235 | D:2      | Reached XP level 4. HP: 45/48 MP: 9/9
  1514 | D:2      | Identified the amulet "Qufi" {Faith -Tele rElec Int+4
                  | Dex+3}
  1836 | D:3      | Reached XP level 5. HP: 49/55 MP: 10/10
  2505 | D:3      | Found Eplutu Jiebo's Magic Scroll Shoppe.
  2508 | D:3      | Bought a scroll of teleportation for 30 gold pieces
  2508 | D:3      | Bought a scroll of blinking for 75 gold pieces
  2803 | D:3      | Became a worshipper of Beogh the Shepherd
  3150 | D:4      | Noticed a lemure
  3150 | D:4      | Noticed a lemure
  3227 | D:3      | Reached skill level 5 in Fighting
  3277 | D:3      | Reached XP level 6. HP: 57/66 MP: 11/11
  3551 | D:4      | Noticed Grinder
  3759 | D:4      | HP: 2/66 [lemure[Pikel] (3)]
  4004 | D:3      | Learned a level 3 spell: Mephitic Cloud
  4557 | D:4      | Noticed Edmund
  4865 | D:4      | Paralysed by Grinder for 4 turns
  4875 | D:4      | Paralysed by Grinder for 4 turns
  4886 | D:4      | Paralysed by Grinder for 4 turns
  4896 | D:4      | Killed Grinder
  4897 | D:4      | Reached skill level 5 in Maces & Flails
  4897 | D:4      | Reached XP level 7. HP: 35/76 MP: 12/12
  5064 | D:4      | Noticed Pikel
  5281 | D:4      | Killed Edmund
  5358 | D:4      | Found a stormy altar of Qazlal.
  5421 | D:5      | Entered Level 5 of the Dungeon
  5439 | D:5      | Found a glowing silver altar of Zin.
  5473 | D:5      | Found a shimmering altar of Xom.
  5553 | D:5      | Reached XP level 8. HP: 71/87 MP: 13/13
  5673 | D:5      | Found a glowing golden altar of the Shining One.
  5865 | D:5      | Reached skill level 4 in Spellcasting
  5869 | D:5      | Reached * piety under Beogh
  5874 | D:5      | Found a sparkling altar of Nemelex Xobeh.
  5897 | D:5      | Learned a level 3 spell: Call Canine Familiar
  6081 | D:5      | Reached skill level 5 in Spellcasting
  6297 | D:5      | Noticed Ijyb
  6440 | D:5      | Killed Ijyb
  6513 | D:5      | Reached skill level 6 in Spellcasting
  6789 | D:6      | Reached skill level 7 in Spellcasting
  6845 | D:6      | Noticed Maggie
  7081 | D:6      | Reached skill level 8 in Spellcasting
  7081 | D:6      | Reached XP level 9. HP: 89/93 MP: 21/21
  7743 | D:6      | Reached skill level 9 in Spellcasting
  7743 | D:6      | Reached skill level 1 in Summonings
  7756 | D:6      | Killed Maggie
  8037 | D:7      | Noticed Dowan
  8038 | D:7      | Noticed Duvessa
  8227 | D:7      | Found a staircase to the Ecumenical Temple.
  8303 | D:7      | Reached ** piety under Beogh
  8659 | D:7      | Killed Dowan
  8767 | D:7      | Killed Duvessa
  8768 | D:7      | Reached skill level 10 in Spellcasting
  8768 | D:7      | Reached XP level 10. HP: 100/102 MP: 24/24
  8886 | D:7      | Found an iron altar of Okawaru.
  9899 | D:8      | Reached skill level 11 in Spellcasting
 10031 | D:8      | Reached skill level 10 in Maces & Flails
 10775 | D:8      | Noticed an eight-headed hydra
 11341 | D:8      | Reached *** piety under Beogh
 11368 | D:8      | Noticed Orkrul
 11402 | D:8      | Anointed Orkrul the wizard as your apostle
 11699 | D:8      | Learned a level 4 spell: Passage of Golubria
 11704 | D:8      | Learned a level 4 spell: Summon Lightning Spire
 11725 | D:8      | Reached skill level 12 in Spellcasting
 11863 | D:8      | Reached XP level 11. HP: 103/109 MP: 27/27
 12073 | D:9      | Your ally Orkrul died
 12441 | D:9      | Paralysed by a hornet for 2 turns
 12447 | D:9      | Noticed Orik
 12534 | D:9      | Killed from afar by Orik the orc apostle

Illustrated notes

Levels and vault maps discovered:
D:1:      shiori_shiawase, layout_basic, basic_ecumenical_altar
D:2:      layout_rooms, basic_altar, corexii_hall_statues_s
D:3:      layout_basic, serial_shops, nicolae_shop_rolled_up
D:4:      layout_rooms, mainiacjoe_overflow_cross_hatched, uniq_edmund,
          uniq_grinder, uniq_pikel
D:5:      layout_rooms, tso_altar, xom_redecorated, mainiacjoe_overflow_catwalk,
          mainiacjoe_overflow_six_doors_small, minmay_misc_feat_iff, uniq_ijyb
D:6:      layout_loops_ring, serial_undead, serial_undead_e, serial_undead_d,
          serial_undead_b, serial_undead_b, uniq_maggie
D:7:      layout_basic, okawaru_metal_pillars_3, minmay_temple_entry_overgrown,
          bh_walls_and_bars, uniq_duvessa
D:8:      nzn_winding_woodlands_medium [nzn_winding_woodlands_5x5_default,
          nzn_winding_woodlands_5x15_jagged,
          nzn_winding_woodlands_5x5_closed_star,
          nzn_winding_woodlands_5x5_perimeter,
          nzn_winding_woodlands_center_pierced_h,
          nzn_winding_woodlands_5x5_default, nzn_winding_woodlands_5x5_three,
          nzn_winding_woodlands_5x15_sawtooth, nzn_winding_woodlands_5x5_cross],
          layout_basic, kennysheep_generic_room_9
D:9:      layout_irregular_city

Skill      XL: |  1  2  3  4  5  6  7  8  9 10 |
---------------+-------------------------------+-----
Fighting       | 2 3 4 5 6 7 |  7.0
Maces & Flails | 1 2 3 5 6 7 9 11 | 11.4
Spellcasting   | 8 10 12 | 12.5
Summonings     | 2 |  2.0
Dodging        | |  1.7
Stealth        | |  1.4
Conjurations   | |  0.8
Translocations | |  0.8

Action                     |  1- 3 |  4- 6 |  7- 9 | 10-12 || total
---------------------------+-------+-------+-------+-------++-------
  Melee: Dagger            |    31 |       |       |       ||    31
         Whip              |    27 |       |       |       ||    27
         Headbutt          |     9 |    33 |    69 |    59 ||   170
         Mace              |    54 |   219 |    32 |       ||   305
         Flail             |       |       |   282 |   283 ||   565
   Cast: Magic Dart        |    20 |       |       |       ||    20
         Call Imp          |     3 |    28 |    26 |     7 ||    64
         Blink             |       |     4 |     2 |     9 ||    15
         Mephitic Cloud    |       |     1 |    11 |    33 ||    45
         Call Canine Famil |       |       |    17 |    10 ||    27
 Invoke: Convert to Beogh  |       |     1 |       |       ||     1
         Recruit Apostle   |       |       |       |     1 ||     1
  Evoke: Wand              |       |       |       |     4 ||     4
    Use: Scroll            |       |     5 |     5 |     7 ||    17
         Potion            |       |     1 |       |     2 ||     3
   Stab: Sleeping          |       |     2 |     1 |       ||     3
         Confused          |       |       |     8 |    22 ||    30
         Distracted        |       |       |       |     1 ||     1
 Armour: Robe              |   100 |   229 |   162 |       ||   491
         Steam dragon scal |       |       |    75 |    47 ||   122
         Acid dragon scale |       |       |       |   206 ||   206
  Dodge: Dodged            |    66 |   113 |   153 |   114 ||   446

Table legend: (Time is in decaauts)
 A = Elapsed time spent in this place.
 B = Non-inter-level travel time spent in this place.
 C = Inter-level travel time spent in this place.
 D = Time resting spent in this place.
 E = Time spent auto-exploring this place.
 F = Levels seen in this place.
 G = Mean time per level.
                   A        B        C        D        E       F      G
               +--------+--------+--------+--------+--------+-----+--------+
         Total |  12600 |  12094 |    506 |   3195 |   5027 |   9 | 1400.0 |
       Dungeon |  12600 |  12094 |    506 |   3195 |   5027 |   9 | 1400.0 |
               +--------+--------+--------+--------+--------+-----+--------+

Top non-repeatable levels by time:
     D:3: 2671 daAuts
     D:8: 2642 daAuts
     D:6: 1375 daAuts
     D:5: 1237 daAuts
     D:7: 1232 daAuts
     D:1: 1036 daAuts
     D:4: 1016 daAuts
     D:2: 791 daAuts
     D:9: 597 daAuts
